 Dungeon Crawl Stone Soup version 0.16-a0-2568-g6e0b792 (webtiles) character file.

112 PolkaDot the Vexing (level 4, -5/30 HPs)
             Began as a Vampire Enchanter on Nov 21, 2014.
             Was an Initiate of Gozag.
             Killed from afar by an orc wizard (7 damage)
             ... with a magic dart
             ... on level 3 of the Dungeon.
             The game lasted 00:06:26 (2646 turns).

PolkaDot the Vexing (Vampire Enchanter)             Turns: 2646, Time: 00:06:26

Health: -5/30      AC:  3    Str:  7    XL:     4   Next: 63%
Magic:  2/7        EV: 12    Int: 18    God:    Gozag
Gold:   159        SH:  0    Dex: 14    Spells: 3 memorised, 1 level left

rFire  . . .     SeeInvis +     a - +1 dagger
rCold  + + .     Clarity  .     b - +1 robe
rNeg   + + +     SustAb   .     (no shield)
rPois  +         Gourm    .     (no helmet)
rElec  .         Spirit   .     (no cloak)
rCorr  .         Warding  .     (no gloves)
rMut   .         Stasis   .     (no boots)
MR     .....                    (no amulet)
Stlth  +++.......               (no ring)
                                (no ring)

@: regenerating slowly, not resistant to hostile enchantments, fairly stealthy
A: bottle blood, fangs 3, see invisible, unbreathing
a: Bat Form, Potion Petition, Call Merchant, Bribe Branch, Renounce Religion


You were on level 3 of the Dungeon.
You worshipped Gozag.
Gozag was noncommittal.
You were near bloodless.

You visited 1 branch of the dungeon, and saw 3 of its levels.

You collected 260 gold pieces.
You paid 101 gold pieces to Gozag.

Inventory:

Hand weapons
 a - a +1 dagger (weapon)
Armour
 b - a +1 robe (worn)
Magical devices
 d - a wand of fireball (1)
 p - a wand of draining (0)
Scrolls
 f - 3 scrolls of fear {unknown}
 g - 3 scrolls of amnesia {unknown}
 h - a scroll of magic mapping {unknown}
 j - 2 scrolls of teleportation {unknown}
 l - 2 scrolls of remove curse {unknown}
 m - a scroll of noise {unknown}
 o - 4 scrolls of identify {unknown}
Potions
 e - 2 potions of might
 i - a potion of cancellation
 k - a potion of invisibility {unknown}
 n - a potion of experience {unknown}
Books
 c - a book of Maledictions

   Spells                             Type                      Level
   *Corona                            Hexes                        1
   Sure Blade                         Hexes/Charms                 2
   *Ensorcelled Hibernation           Hexes/Ice                    2
   *Confuse                           Hexes                        3
   Dazzling Spray                     Conjuration/Hexes            3
   Enslavement                        Hexes                        4


   Skills:
 - Level 2.0 Short Blades
 - Level 2.1 Dodging
 - Level 4.9 Stealth
 - Level 2.0 Spellcasting
 - Level 5.7 Hexes
 + Level 2.8 Ice Magic


You had one spell level left.
You knew the following spells:

 Your Spells              Type           Power        Failure   Level  Hunger
a - Corona                Hex            ###....      1%          1    #......
c - Confuse               Hex            ###.....     6%          3    ###....
d - Ensorcelled Hibernat  Hex/Ice        ###...       6%          2    ###....


Dungeon Overview and Level Annotations

Branches:
Dungeon (3/15)

Altars:
Gozag
Yredelemnul


Innate Abilities, Weirdness & Mutations

You heal slowly.
You can bottle blood from corpses.
You have razor-sharp teeth.
You have supernaturally acute eyesight.
You can survive without breathing.


Message History

Aim: an orc warrior, wielding a long sword and wearing a chain mail The orc warrior resists with some effort.
* * * LOW MAGIC WARNING * * *
The orc warrior hits you with a long sword!!
Ouch! That really hurt!
* * * LOW HITPOINT WARNING * * *
Unknown command.
You see here a scale mail.
Drink which item? (? for menu, Esc to quit)
Okay, then.
Drink which item? (? for menu, Esc to quit)
Your magical contamination has completely faded away.
You feel magically purged.
It was a potion of cancellation.
The orc shouts!
The orc wizard gestures wildly while chanting.
The orc wizard blinks!
The orc wizard points at you and mumbles some strange words.
The magic dart hits you!
You die...
Your body crumbles into a pile of gold.

............#####.###..§#
.............#.# #.# #.?..
............#.# #.# #..## ##
.............o.###.# #o.# >##
....#....o###.....###..# ..#
#.##.##g###....###...# ..#
#.##..#........###.#.# ..###
#.###.o.oo..#####..#.# ....####
#.###.@.....[.l$o.##.##
.......####.##...####.####.÷##<#.
..###............#.......#..#....
..# #######....#.#....##.#.....#.
..# ##......#.....#.#.......
..########..###......_........#.#
.))..............#.#.....#......#
..#####..........#.##....#......#
..# ##..#.#......#.......#..#.#..


You could see an orc warrior, an orc wizard, 2 orcs, a giant gecko (wandering)
and a hobgoblin.

Vanquished Creatures
  An orc wizard (D:3)
  Ijyb (D:3)
  2 adders
  A worm (D:2)
  4 orcs (D:3)
  2 giant cockroaches (D:1)
  7 goblins
  4 hobgoblins
  3 ball pythons
  4 bats (D:1)
  2 giant newts
  2 gnoll zombies (D:3)
  6 kobolds
  9 rats
48 creatures vanquished.

Notes
Turn   | Place    | Note
--------------------------------------------------------------
     0 | D:1      | PolkaDot, the Vampire Enchanter, began the quest for the Orb.
     0 | D:1      | Reached XP level 1. HP: 13/13 MP: 3/3
   349 | D:1      | Reached XP level 2. HP: 17/19 MP: 4/4
   401 | D:1      | Reached skill level 5 in Hexes
  1130 | D:1      | Learned a level 2 spell: Ensorcelled Hibernation
  1288 | D:2      | Reached XP level 3. HP: 17/24 MP: 4/6
  2286 | D:2      | Learned a level 3 spell: Confuse
  2307 | D:3      | Found an opulent altar of Gozag.
  2326 | D:3      | Became a worshipper of Gozag Ym Sagoz the Greedy
  2456 | D:3      | Noticed Ijyb
  2471 | D:3      | Reached skill level 1 in Ice Magic
  2479 | D:3      | Killed Ijyb
  2479 | D:3      | Reached XP level 4. HP: 28/30 MP: 2/7
  2574 | D:3      | Found a basalt altar of Yredelemnul.
  2608 | D:3      | Noticed an orc warrior
  2631 | D:3      | HP: 1/30 [orc warrior/long sword (19)]
  2646 | D:3      | Killed from afar by an orc wizard

Action                   |  1- 3 |  4- 6 || total
-------------------------+-------+-------++-------
Melee: Dagger            |   113 |    27 ||   140
 Cast: Corona            |    11 |       ||    11
       Ensorcelled Hiber |     7 |     5 ||    12
  Use: Potion            |       |     2 ||     2
 Stab: Sleeping          |    15 |     2 ||    17
